[Event "NED-ch Women 2021"]
[Site "Hoogeveen"]
[Date "2021.10.17"]
[Round "1.1"]
[White "Roebers, Eline"]
[Black "Van Foreest, Machteld"]
[Result "1-0"]
[ECO "B01"]
[WhiteElo "2283"]
[BlackElo "2132"]
[Annotator "ChessBase"]
[PlyCount "161"]
[EventDate "2021.10.17"]
[EventType "tourn"]
[EventCountry "NED"]
[SourceTitle "playchess.com"]
[Source "ChessBase"]
[SourceQuality "1"]
[TimeControl "40/5400+30:1800+30"]

1. e4 d5 2. exd5 Qxd5 3. Nc3 Qd6 4. Nf3 Bg4 5. d4 Nf6 6. h3 Bxf3 7. Qxf3 c6 8. Be3 e6 9. O-O-O Be7 10. g4 Nbd7 11. Kb1 h6 12. h4 O-O-O 13. Bh3 Rhf8 14. Bf4 Qb4 15. g5 hxg5 16. hxg5 Ne8 17. a3 Qb6 18. Ne4 f5 19. gxf6 Nexf6 20. Nd6+ Bxd6 21. Bxd6 Rfe8 22. Qe3 Nd5 23. Qg3 N7f6 24. Rhe1 Nc3+ 25. Qxc3 Rxd6 26. Re5 Kb8 27. Qg3 Qc7 28. c3 Ka8 29. Rxe6 Rexe6 30. Bxe6 Qe7 31. Bf5 Rd8 32. Rg1 Qe2 33. Bd3 Qe6 34. Qe3 Qf7 35. Bg6 Qf8 36. Re1 Nd5 37. Qg5 Rb8 38. Qg3 Nf4 39. Bc2 a6 40. Re5 Nd5 41. Rg5 Qe7 42. Rxg7 Qe1+ 43. Ka2 Qe2 44. Bb3 Ka7 45. c4 Nb6 46. Qe3 Re8 47. Qxe2 Rxe2 48. c5 Nc8 49. d5 cxd5 50. Bxd5 Ne7 51. Bc4 Re5 52. b4 Kb8 53. Rg3 a5 54. Re3 Rxe3 55. fxe3 axb4 56. axb4 b6 57. cxb6 Kb7 58. Kb3 Kxb6 59. Kc3 Nc6 60. Be2 Kc7 61. Bf3 Ne5 62. Bd5 Kd6 63. e4 Nd7 64. Kc4 Nb6+ 65. Kb5 Kc7 66. Ka6 Nc8 67. b5 Nb6 68. Ka5 Nd7 69. Be6 Nb6 70. e5 Na8 71. Bb3 Nb6 72. Bf7 Kb7 73. Kb4 Kc7 74. Bb3 Nc8 75. Kc5 Nb6 76. e6 Nc8 77. Bd5 Ne7 78. b6+ Kd8 79. Be4 Ng8 80. Kd6 Nf6 81. b7 1-0

[Event "NED-ch Women 2021"]
[Site "Hoogeveen"]
[Date "2021.10.17"]
[Round "1.2"]
[White "Ratsma, Rosa"]
[Black "Keetman, Maaike"]
[Result "1/2-1/2"]
[ECO "C13"]
[WhiteElo "2297"]
[BlackElo "2145"]
[Annotator "ChessBase"]
[PlyCount "86"]
[EventDate "2021.10.17"]
[EventType "tourn"]
[EventCountry "NED"]
[SourceTitle "playchess.com"]
[Source "ChessBase"]
[SourceQuality "1"]
[TimeControl "40/5400+30:1800+30"]

1. e4 e6 2. d4 d5 3. Nc3 Nf6 4. Bg5 dxe4 5. Nxe4 Be7 6. Nxf6+ Bxf6 7. Bxf6 Qxf6 8. Nf3 c5 9. Bd3 Nc6 10. dxc5 Qxb2 11. O-O O-O 12. Qe1 h6 13. Qe3 Rd8 14. c3 Ne7 15. Rfb1 Qa3 16. Rb3 Qa5 17. c4 Nf5 18. Bxf5 exf5 19. h3 Qc7 20. Qe5 Qxe5 21. Nxe5 f6 22. Nf3 a5 23. Re1 Ra6 24. h4 Kf7 25. h5 a4 26. Rb5 Rc6 27. Re3 Rc7 28. Ra5 Rd1+ 29. Kh2 Bd7 30. Nh4 Be6 31. Ng6 Rd8 32. Rxa4 Rxc5 33. Ra7 Rc7 34. Rb3 Rb8 35. Rb5 Bxc4 36. Rxf5 Bd3 37. Rf3 Bxg6 38. hxg6+ Kxg6 39. Rb3 Rc2 40. Kg1 Rc1+ 41. Kh2 Rc2 42. Kg1 Rc1+ 43. Kh2 Rc2 1/2-1/2

[Event "NED-ch Women 2021"]
[Site "Hoogeveen"]
[Date "2021.10.17"]
[Round "1.3"]
[White "Kazarian, Anna-Maja"]
[Black "Lanchava, Tea"]
[Result "1-0"]
[ECO "B09"]
[WhiteElo "2125"]
[BlackElo "2214"]
[Annotator "ChessBase"]
[PlyCount "111"]
[EventDate "2021.10.17"]
[EventType "tourn"]
[EventCountry "NED"]
[SourceTitle "playchess.com"]
[Source "ChessBase"]
[SourceQuality "1"]
[TimeControl "40/5400+30:1800+30"]

1. e4 g6 2. d4 Bg7 3. Nc3 d6 4. f4 Nf6 5. Nf3 O-O 6. Bd3 c5 7. dxc5 dxc5 8. e5 Nd5 9. Nxd5 Qxd5 10. Qe2 Bf5 11. Bxf5 gxf5 12. O-O Nc6 13. Be3 f6 14. Rad1 Qe4 15. Nd2 Qxc2 16. Rc1 Qa4 17. Bxc5 fxe5 18. fxe5 Qxa2 19. Nf3 Rac8 20. Kh1 Qd5 21. e6 Qe4 22. Qb5 b6 23. Ba3 Qxe6 24. Ng5 Qg6 25. Qd5+ Kh8 26. Ne6 Ne5 27. Nxf8 Rxf8 28. Bxe7 Rg8 29. b4 Qh6 30. Bd6 Ng4 31. Bf4 Qh5 32. h3 Nf6 33. Qf3 Qg6 34. Rc6 Qe8 35. Rc7 a6 36. Qb7 Qe2 37. Rg1 Nh5 38. Bh2 f4 39. Rc8 Qe6 40. Rxg8+ Kxg8 41. Qb8+ Bf8 42. Bxf4 Nf6 43. Bh6 Nd7 44. Qg3+ Qg6 45. Qb3+ Kh8 46. Qc3+ Kg8 47. Qc4+ Kh8 48. Bxf8 Nxf8 49. Rf1 Kg7 50. Qxa6 Qd6 51. Qa1+ Kg6 52. Qh8 Nd7 53. Qg8+ Kh6 54. Rf7 Qd1+ 55. Kh2 Qd6+ 56. Qg3 1-0

[Event "NED-ch Women 2021"]
[Site "Hoogeveen"]
[Date "2021.10.17"]
[Round "1.4"]
[White "Haast, Anne"]
[Black "Peng, Zhaoqin"]
[Result "1/2-1/2"]
[ECO "C18"]
[WhiteElo "2310"]
[BlackElo "2359"]
[Annotator "ChessBase"]
[PlyCount "184"]
[EventDate "2021.10.17"]
[EventType "tourn"]
[EventCountry "NED"]
[SourceTitle "playchess.com"]
[Source "ChessBase"]
[SourceQuality "1"]
[TimeControl "40/5400+30:1800+30"]

1. e4 e6 2. d4 d5 3. Nc3 Bb4 4. e5 c5 5. a3 Bxc3+ 6. bxc3 Qa5 7. Bd2 Qa4 8. Nf3 b6 9. Qb1 Ba6 10. Bxa6 Qxa6 11. a4 Ne7 12. Qb5+ Qxb5 13. axb5 O-O 14. Ra2 cxd4 15. cxd4 a5 16. Bb4 Ra7 17. Kd2 Rc8 18. g4 Ng6 19. Bd6 Nd7 20. h4 f6 21. h5 Nh8 22. Re1 Nf7 23. c3 Nxd6 24. exd6 Nf8 25. g5 Rd7 26. h6 fxg5 27. hxg7 Kxg7 28. Nxg5 Rxd6 29. Rh1 h6 30. Nf3 Ng6 31. Raa1 Rf8 32. Ke3 Ne7 33. Rag1+ Kf7 34. Ne5+ Ke8 35. f3 Rd8 36. Kd3 Rg8 37. Re1 Nf5 38. Ng4 Rg6 39. Rh5 Kf8 40. Re5 Kg7 41. Re1 Rc8 42. Rh3 Nd6 43. Rxh6 Rxh6 44. Nxh6 Nxb5 45. Rxe6 Rxc3+ 46. Kd2 Rxf3 47. Rxb6 Nxd4 48. Ng4 Ra3 49. Ne3 Nf3+ 50. Ke2 Ng1+ 51. Kd2 Nf3+ 52. Ke2 d4 53. Nc4 Rc3 54. Nxa5 Ne5 55. Nb3 d3+ 56. Kd1 Nc4 57. Rb7+ Kg6 58. Nc1 d2 59. Nb3 Rd3 60. Nxd2 Rxd2+ 61. Kc1 Rh2 62. Rc7 Ne5 63. Rc8 Kf5 64. Kb1 Ke4 65. Rd8 Nc6 66. Rg8 Nd4 67. Rg4+ Kd3 68. Rg3+ Kc4 69. Rg4 Rf2 70. Rh4 Kb3 71. Kc1 Kc3 72. Kb1 Rf1+ 73. Ka2 Rf2+ 74. Ka3 Rf8 75. Ka2 Ra8+ 76. Kb1 Rb8+ 77. Kc1 Rg8 78. Rh3+ Kc4 79. Rh4 Rg2 80. Kb1 Rf2 81. Rh8 Nb5 82. Kc1 Nd4 83. Kb1 Kc3 84. Rc8+ Kd3 85. Rh8 Nb5 86. Rh3+ Kc4 87. Kc1 Rg2 88. Rh8 Nc3 89. Rc8+ Kd4 90. Rc4+ Kd3 91. Rd4+ Ke3 92. Rd3+ Kxd3 1/2-1/2

[Event "NED-ch Women 2021"]
[Site "Hoogeveen"]
[Date "2021.10.21"]
[Round "5.1"]
[White "Kazarian, Anna-Maja"]
[Black "Van Foreest, Machteld"]
[Result "1/2-1/2"]
[ECO "A29"]
[WhiteElo "2125"]
[BlackElo "2132"]
[Annotator "NA"]
[PlyCount "127"]
[EventDate "2021.10.17"]
[EventType "tourn"]
[EventCountry "NED"]
[SourceTitle "playchess.com"]
[Source "ChessBase"]
[SourceQuality "1"]
[TimeControl "40/5400+30:1800+30"]

1. c4 e5 2. g3 Nf6 3. Bg2 d5 4. cxd5 Nxd5 5. Nc3 Nb6 6. Nf3 Nc6 7. O-O Be7 8. a3 O-O 9. b4 a6 10. d3 Be6 11. Be3 Nd5 12. Nxd5 Bxd5 13. Qc2 Qd7 14. Bc5 Bxc5 15. Qxc5 Rfe8 16. Rfe1 Bxf3 17. Bxf3 Nd4 ({Black should try} 17... Nd8 $1 $14) 18. Bxb7 Rab8 19. Bg2 Nb3 20. Qc3 Nxa1 21. Bc6 Qd4 22. Qxd4 exd4 23. Bxe8 Nc2 24. Rc1 Nxa3 25. Bd7 Rxb4 26. Rxc7 Kf8 27. Ra7 Nb1 28. Rxa6 Nc3 29. Bg4 g6 30. h4 h5 31. Bf3 Ke7 32. Rc6 Kd7 33. Rf6 Ke7 34. Ra6 Rb1+ 35. Kg2 Rb2 36. Rc6 Nxe2 37. Bxe2 Rxe2 38. Rc4 Ra2 39. Rxd4 f6 40. Kf3 Ra5 41. Ke3 g5 42. Rc4 Ke6 43. Rc6+ Kf5 44. f3 Rb5 45. hxg5 Kxg5 46. Rc8 Re5+ 47. Kd2 Re6 48. d4 Ra6 49. Rc2 f5 50. Ke2 Ra3 51. d5 f4 52. d6 Re3+ 53. Kf2 Rd3 54. Rc5+ Kg6 55. gxf4 Rxd6 56. Kg3 Rf6 57. Rg5+ Kh6 58. Re5 Kg6 59. Rd5 Rf5 60. Rd8 Kg7 61. Rd6 Kh7 62. Re6 $11 Kg7 63. Re5 Kg6 64. Re6+ 1/2-1/2

[Event "NED-ch Women 2021"]
[Site "Hoogeveen"]
[Date "2021.10.21"]
[Round "5.2"]
[White "Haast, Anne"]
[Black "Ratsma, Rosa"]
[Result "1-0"]
[ECO "B50"]
[WhiteElo "2310"]
[BlackElo "2297"]
[Annotator "ChessBase"]
[PlyCount "91"]
[EventDate "2021.10.17"]
[EventType "tourn"]
[EventCountry "NED"]
[SourceTitle "playchess.com"]
[Source "ChessBase"]
[SourceQuality "1"]
[TimeControl "40/5400+30:1800+30"]

1. e4 c5 2. Nf3 d6 3. Nc3 Nf6 4. e5 dxe5 5. Nxe5 a6 6. g3 Qd6 7. Qe2 Nc6 8. Nxc6 Qxc6 9. Rg1 Bg4 10. Bg2 Qxg2 11. Rxg2 Bxe2 12. Nxe2 Nd5 13. b3 Nb4 14. Kd1 e5 15. Bb2 Bd6 16. f4 Nc6 17. Nc3 f5 18. Nd5 O-O 19. c4 b5 20. Kc2 bxc4 21. bxc4 Rf7 22. Re1 e4 23. g4 Na5 24. gxf5 Nxc4 25. Bc3 Na3+ 26. Kd1 Nb5 27. Be5 Rd8 28. Rxe4 Bxe5 29. Rxe5 Kf8 30. Ne3 Rc7 31. Ke1 Nd4 32. Rg3 Rc6 33. Nc4 Kf7 34. Rc3 Rh6 35. h3 Rc8 36. Kf2 Rc7 37. Kg2 Rhc6 38. Rd5 Rf6 39. Rxd4 cxd4 40. Ne5+ Kf8 41. Rxc7 Rxf5 42. Kf3 g5 43. Nd3 gxf4 44. Nxf4 Ra5 45. Rxh7 Rxa2 46. d3 1-0

[Event "NED-ch Women 2021"]
[Site "Hoogeveen"]
[Date "2021.10.21"]
[Round "5.3"]
[White "Peng, Zhaoqin"]
[Black "Roebers, Eline"]
[Result "0-1"]
[ECO "A88"]
[WhiteElo "2359"]
[BlackElo "2283"]
[Annotator "ChessBase"]
[PlyCount "116"]
[EventDate "2021.10.17"]
[EventType "tourn"]
[EventCountry "NED"]
[SourceTitle "playchess.com"]
[Source "ChessBase"]
[SourceQuality "1"]
[TimeControl "40/5400+30:1800+30"]

1. d4 f5 2. Nf3 Nf6 3. g3 g6 4. Bg2 Bg7 5. c4 O-O 6. Nc3 d6 7. O-O Qe8 8. b3 Na6 9. Ba3 c6 10. Qd3 Rb8 11. e4 fxe4 12. Nxe4 Bf5 13. Nxf6+ Bxf6 14. Qd2 b5 15. Rfe1 Qd7 16. Rac1 Nc7 17. cxb5 Nxb5 18. Bb2 Nc7 19. Rc4 Be6 20. Ra4 Nd5 21. Ng5 Bg4 22. h3 Bxg5 23. Bxd5+ cxd5 24. Qxg5 Bf3 25. g4 Rf7 26. Bc1 Rbf8 27. Qh4 Be4 28. Bh6 Rc8 29. Rxe4 dxe4 30. d5 Qb7 31. Rxe4 Qxd5 32. Rxe7 g5 33. Qxg5+ Qxg5 34. Bxg5 Rxe7 35. Bxe7 d5 36. b4 Rc2 37. Bc5 a5 38. a3 a4 39. Bd6 d4 40. Kf1 d3 41. Ke1 Kf7 42. f4 Ke6 43. Bf8 Kd5 44. f5 Kc4 45. b5 Rb2 46. Bg7 Rxb5 47. Kd2 Rb1 48. Bc3 Rh1 49. Bb4 Rxh3 50. f6 Rf3 51. g5 Kd4 52. Bc3+ Ke4 53. Bb4 Rf2+ 54. Kd1 Kd5 55. Be1 Rf5 56. Bb4 Ke6 57. Bd2 Rf1+ 58. Be1 Rg1 0-1

[Event "NED-ch Women 2021"]
[Site "Hoogeveen"]
[Date "2021.10.21"]
[Round "5.4"]
[White "Lanchava, Tea"]
[Black "Keetman, Maaike"]
[Result "1-0"]
[ECO "A28"]
[WhiteElo "2214"]
[BlackElo "2145"]
[Annotator "ChessBase"]
[PlyCount "143"]
[EventDate "2021.10.17"]
[EventType "tourn"]
[EventCountry "NED"]
[SourceTitle "playchess.com"]
[Source "ChessBase"]
[SourceQuality "1"]
[TimeControl "40/5400+30:1800+30"]

1. c4 e5 2. Nc3 Nf6 3. Nf3 Nc6 4. e3 Be7 5. d4 exd4 6. exd4 d5 7. c5 O-O 8. Bb5 Bg4 9. Bxc6 bxc6 10. Qd3 Bxf3 11. Qxf3 Ne4 12. O-O f5 13. Ne2 Qd7 14. Qd3 Rab8 15. f3 Ng5 16. b3 Ne6 17. f4 Bf6 18. Bd2 g6 19. Bc3 Rfe8 20. Rae1 Qg7 21. h3 h5 22. g3 Re7 23. Rd1 Rbe8 24. Qa6 Nd8 25. Rf2 Re3 26. Kf1 h4 27. Bd2 hxg3 28. Bxe3 gxf2 29. Bxf2 Re4 30. Qxa7 Qh6 31. Rd3 Qh5 32. Ng1 Ne6 33. Qa8+ Kg7 34. Qxc6 Nxf4 35. Qxc7+ Kh6 36. Be3 Rxe3 37. Qxf4+ Bg5 38. Qb8 Kh7 39. Qb7+ Re7 40. Qxd5 Qh4 41. Kg2 Be3 42. Qf3 Bxd4 43. c6 Re1 44. Ne2 Qg5+ 45. Ng3 Be5 46. Kf2 Rc1 47. a4 Rc2+ 48. Ne2 Qh4+ 49. Kf1 Rb2 50. Rd7+ Kh6 51. Qe3+ f4 52. Qd3 Rd2 53. Qxd2 Qxh3+ 54. Ke1 Qh1+ 55. Ng1 Qxg1+ 56. Ke2 Qg2+ 57. Kd1 Qf3+ 58. Qe2 Qxc6 59. Qh2+ Kg5 60. Rd3 Qe4 61. Qe2 Qh1+ 62. Qe1 Qh5+ 63. Kc2 Kf6 64. Qe4 Qh2+ 65. Rd2 Qh5 66. a5 Qh8 67. Qc6+ Kf5 68. a6 Qb8 69. Qd7+ Kf6 70. a7 Qb4 71. Qc6+ Kf5 72. a8=Q 1-0

[Event "NED-ch Women 2021"]
[Site "Hoogeveen"]
[Date "2021.10.22"]
[Round "6.1"]
[White "Van Foreest, Machteld"]
[Black "Keetman, Maaike"]
[Result "1-0"]
[ECO "C07"]
[WhiteElo "2132"]
[BlackElo "2145"]
[Annotator "NA"]
[PlyCount "73"]
[EventDate "2021.10.17"]
[EventType "tourn"]
[EventCountry "NED"]
[SourceTitle "playchess.com"]
[Source "ChessBase"]
[SourceQuality "1"]
[TimeControl "40/5400+30:1800+30"]

1. e4 e6 2. d4 d5 3. Nd2 c5 4. exd5 Qxd5 5. dxc5 Nf6 6. Ngf3 Qxc5 7. Bd3 Be7 8. O-O O-O 9. Qe2 Nbd7 10. c4 Qc7 11. b3 b6 12. Bb2 Bb7 13. Rad1 Rfd8 14. Bb1 a5 15. Nd4 Qf4 16. N2f3 $11 Bc5 17. h3 Nf8 18. Bc1 Qc7 19. Nb5 Qc6 20. Bc2 Ng6 21. Bxg6 hxg6 22. Bf4 Ne4 23. Be3 a4 24. Bxc5 bxc5 25. Rxd8+ Rxd8 26. Rd1 Ra8 27. Ne5 Qb6 28. Nd7 Qc6 29. f3 Nf6 30. Rd6 Nxd7 31. Rxc6 Bxc6 32. Qd2 axb3 33. axb3 Rb8 34. Na7 Ne5 35. Nxc6 Nxc6 36. Qd6 Rc8 37. Qd7 1-0